 Dungeon Crawl Stone Soup version 0.29.1-12-g30fa7ad0bf (webtiles) character file.

Game seed: 2563616148032992303

23105 MisterFreud the Nimble (level 13, -5/148 HPs)
             Began as a Gnoll Wanderer on Dec 17, 2022.
             Was an Initiate of Yredelemnul.
             Killed from afar by an acid dragon (10 damage)
             ... with a splash of acid
             ... on level 5 of the Lair of Beasts.
             The game lasted 00:32:03 (20667 turns).

MisterFreud the Nimble (Gnoll Wanderer)            Turns: 20667, Time: 00:32:03

Health: -5/148     AC: 33    Str: 11    XL:     13   Next: 4%
Magic:  0/25       EV:  2    Int: 13    God:    Yredelemnul [......]
Gold:   253        SH:  0    Dex: 16    Spells: 28/28 levels left

rFire   . . .      SeeInvis .   d - +7 quarterstaff (protect)
rCold   + . .      Faith    .   (shield currently unavailable)
rNeg    . . .      Spirit   +   (body armour currently unavailable)
rPois   +          Reflect  .   (helmet currently unavailable)
rElec   .          Harm     .   (cloak currently unavailable)
rCorr   +          Rampage  .   (gloves currently unavailable)
Will    .....      NoTele   +   (boots currently unavailable)
Stlth   ++++......              A - amulet of guardian spirit
HPRegen 0.34/turn               y - ring of protection from cold
MPRegen 0.19/turn               I - ring of resist corrosion

@: mighty, tree-form (expiring), under a protective aura
A: stationary, stasis, torment immunity, boosted hp, (fangs 1), strong nose,
distributed training
a: Renounce Religion, Recall Undead Harvest


You were on level 5 of the Lair of Beasts.
You worshipped Yredelemnul.
Yredelemnul was aware of your devotion.
You were a tree.
You visited 3 branches of the dungeon, and saw 16 of its levels.

You collected 729 gold pieces.
You spent 476 gold pieces at shops.

Inventory:

Hand Weapons
 a - a +0 quarterstaff
 d - a +7 quarterstaff of protection (weapon)
 B - a +4 morningstar
 E - the +5 long sword "Hutaer" {venom, Int+3}
   (You took it off an orc on level 9 of the Dungeon)

   It poisons the flesh of those it strikes.
   Int:       It affects your intelligence (+3).
Missiles
 b - 5 throwing nets (quivered)
 D - 7 boomerangs
 F - 2 boomerangs of dispersal
 G - 9 curare-tipped darts
 L - a silver boomerang
Armour
 c - a +0 leather armour (melded)
 i - a +2 hat (melded)
 m - a +1 cloak (melded)
 p - a +1 pair of gloves
 J - a +2 pair of gloves (melded)
 R - the +3 hat of Pondering {ponderous, Will+ MP+10 Int+5}
   (You took it off Gastronok on level 3 of the Lair of Beasts)

   Int:       It affects your intelligence (+5).
   MP:        It affects your magic capacity (+10).
   Will:      It increases your willpower.
Jewellery
 x - a ring of see invisible
 y - a ring of protection from cold (left branch)
 A - an amulet of guardian spirit (around neck)
 I - a ring of resist corrosion (right branch)
 K - a +6 ring of dexterity
Wands
 f - a wand of roots (11)
 v - a wand of charming (8)
 P - a wand of light (6)
Scrolls
 l - a scroll of amnesia
 o - 7 scrolls of teleportation
 u - a scroll of fear
 w - 4 scrolls of enchant armour
 z - 2 scrolls of butterflies
 C - 2 scrolls of magic mapping
 N - 4 scrolls of blinking
 S - a scroll of enchant weapon
Potions
 e - a potion of brilliance
 g - 3 potions of lignification
 h - 2 potions of might
 j - 3 potions of curing
 k - 2 potions of invisibility
 n - 11 potions of ambrosia
 q - 4 potions of haste
 r - a potion of cancellation {unknown}
 s - a potion of heal wounds
 t - 2 potions of mutation
 H - 2 potions of berserk rage
 M - a potion of magic {unknown}
 O - a potion of resistance
Miscellaneous
 Q - a piece from Xom's chessboard (15/15)


   Skills:
 + Level 8.6 Fighting
 + Level 8.2 Short Blades
 + Level 8.2 Long Blades
 + Level 8.2 Axes
 + Level 8.2 Maces & Flails
 + Level 8.2 Polearms
 + Level 8.6 Staves
 + Level 8.2 Ranged Weapons
 + Level 8.2 Throwing
 + Level 8.6 Armour
 + Level 11.7 Dodging
 + Level 8.5 Stealth
 + Level 8.2 Shields
 + Level 8.2 Unarmed Combat
 + Level 8.2 Spellcasting
 + Level 6.8 Conjurations
 + Level 6.8 Hexes
 + Level 6.8 Summonings
 + Level 6.8 Necromancy
 + Level 6.8 Translocations
 + Level 6.8 Transmutations
 + Level 6.8 Fire Magic
 + Level 6.8 Ice Magic
 + Level 6.8 Air Magic
 + Level 6.8 Earth Magic
 + Level 6.8 Poison Magic
 + Level 9.0 Invocations
 + Level 9.4 Evocations


You had 28 spell levels left.
You didn't know any spells.
Your spell library contained the following spells:

 Spells                   Type           Power      Damage    Failure   Level
 Necrotise                Necr           92%        1d8       1%          1
 Sandblast                Erth           46%        2d11      1%          1
 Summon Small Mammal      Summ           92%        N/A       1%          1
 Passwall                 Tmut/Erth      19%        N/A       1%          2
 Call Canine Familiar     Summ           23%        N/A       2%          3
 Gell's Gravitas          Tloc           23%        N/A       2%          3
 Ozocubu's Armour         Ice            23%        N/A       2%          3
 Stone Arrow              Conj/Erth      46%        3d9       2%          3
 Summon Guardian Golem    Hex/Summ       23%        N/A       2%          3
 Teleport Other           Tloc           23%        N/A       2%          3
 Vampiric Draining        Necr           23%        2d7       2%          3
 Animate Armour           Summ/Erth      46%        N/A       9%          4
 Passage of Golubria      Tloc           23%        N/A       9%          4
 Agony                    Necr           23%        N/A       22%         5
 Metabolic Englaciation   Hex/Ice        11%        N/A       22%         5
 Silence                  Hex/Air        11%        N/A       22%         5
 Dispersal                Tloc           11%        N/A       77%         6
 Ozocubu's Refrigeration  Ice            11%        4d10      100%        7
 Lehudib's Crystal Spear  Conj/Erth      11%        10d4      100%        8
 Simulacrum               Ice/Necr       Unusable   N/A       N/A         6

Dungeon Overview and Level Annotations

Branches:
Dungeon (11/15)            Temple (1/1) D:7            Lair (3/5) D:11
  Snake (0/4) Lair:2
  Swamp: Lair:2-3    Shoals: Lair:2-3       Orc: D:9-12

Altars:
Ashenzari
Cheibriados
Dithmenos
Elyvilon
Fedhas
Gozag
Hepliaklqana
Kikubaaqudgha
Makhleb
Nemelex Xobeh
Okawaru
Qazlal
Ru
Sif Muna
Trog
Uskayaw
Vehumet
Wu Jian
Xom
Yredelemnul
Zin
The Shining One

Shops:
D:4 (   D:6 [   D:10 [   D:11 ?

Annotations:
D:6 3 runed translucent doors, dweek's ghost, novice TrFi


Innate Abilities, Weirdness & Mutations

You are a tree.
Your roots penetrate the ground, keeping you stationary.
You cannot be teleported.
You are immune to unholy pain and torment.
Your maximum health is greatly increased.
Your equipment is partially melded.
((You have very sharp teeth.))
Your uncanny sense of smell can sniff out nearby items.
Your experience applies equally to all skills.


Message History

You hear a croak. x2; You hear a roar!
You sock the torpor snail!
The torpor snail is severely wounded.
You feel yourself speed up.
You hear a bellow!
The blink frog hits you but does no damage.
The torpor snail bites you!
* * * LOW HITPOINT WARNING * * *
Being near the torpor snail leaves you feeling lethargic.
The acid dragon bites you but does no damage.
The acid dragon claws you.
* * * LOW HITPOINT WARNING * * *
You hit the torpor snail but do no damage.
The torpor snail is severely wounded.
You feel yourself speed up.
The blink frog hits you but does no damage. x2
The torpor snail bites you but does no damage.
Being near the torpor snail leaves you feeling lethargic.
The acid dragon bites you but does no damage.
The acid dragon claws you but does no damage.
Unknown command.
You hit the torpor snail.
The torpor snail is severely wounded.
You feel yourself speed up.
The blink frog hits you but does no damage.
The acid dragon bites you but does no damage.
The acid dragon claws you but does no damage.
The torpor snail bites you but does no damage.
Being near the torpor snail leaves you feeling lethargic.
The blink frog blinks!
You bludgeon the torpor snail!!
You kill the torpor snail!
Your transformation is almost over.
You feel yourself speed up. The acid dragon bites you!
* * * LOW HITPOINT WARNING * * *
The acid dragon claws you but does no damage.
The acid dragon spits acid at you. The splash of acid hits you! You resist.
You die...
Your body rises from the dead as a mindless zombie.

..# #....
###.$#.P..#
.........
.......
.P.~~ ♣.~.
♣?~♣ ♣~♣♣♣
♣♣D.♣ ♣.≈.♣
♣~.♣♣
♣≈~..♣
♣.≈~♣♣
♣~~♣.P
≈≈.♣♣.♣♣
...♣ .P♣


You could see an acid dragon (catching breath).

Vanquished Creatures
  A hydra (Lair:3)
  Erica (D:10)
  A deep elf pyromancer (D:9)
  An elephant (Lair:2)
  A torpor snail (Lair:5)
  4 cane toads
  A rime drake (Lair:5)
  A komodo dragon (Lair:2)
  A troll (D:10)
  A queen bee (D:10)
  3 blink frogs
  Sigmund (D:3)
  A spriggan (shapeshifter) (D:11)
  16 yaks
  A wyvern (D:11)
  A basilisk (Lair:3)
  2 steam dragons
  Menkaure (D:6)
  A warg (D:9)
  2 nagas (Lair:2)
  3 water moccasins
  3 acid dragons
  4 ice beasts
  2 sky beasts
  5 black bears
  5 orc warriors
  4 wolves
  An ogre (D:2)
  2 centaurs
  A phantom (D:5)
  8 bullfrogs
  A necrophage (D:7)
  A gnoll sergeant (D:6)
  3 scorpions
  18 wights
  31 killer bees
  A howler monkey (D:6)
  2 jellies
  A hound (D:4)
  Crazy Yiuf (D:2)
  14 orc priests
  Jessica (D:3)
  9 iguanas
  Natasha (thrice) (D:3)
  3 hell rats (Lair:2)
  10 orc wizards
  Robin (D:2)
  5 gnolls
  13 adders
  4 white imps
  An ufetubus (D:6)
  A worm (D:4)
  A dart slug (D:1)
  38 orcs
  12 ball pythons
  5 endoplasms
  2 giant cockroaches
  9 hobgoblins
  2 jackals (D:3)
  7 kobolds
  5 quokkas
  5 frilled lizards
  26 goblins
  A hobgoblin zombie (D:6)
  2 kobold skeletons (D:6)
  A kobold zombie (D:6)
  2 orc zombies (D:6)
  24 rats
346 creatures vanquished.

Vanquished Creatures (collateral kills)
  Gastronok (Lair:3)
  A hydra (Lair:2)
  2 elephants (Lair:2)
  2 cane toads (Lair:2)
  2 komodo dragons (Lair:1)
  A rime drake (Lair:3)
  5 blink frogs
  A vampire (D:10)
  6 yaks
  A basilisk (Lair:2)
  A naga (Lair:2)
  3 water moccasins
  4 wolves
  6 bullfrogs
  2 wights
  2 killer bees (D:10)
  An orc priest (D:8)
  An iguana (Lair:5)
  2 orc wizards (D:7)
  A hell rat (Lair:2)
  8 orcs
  3 goblins
56 creatures vanquished.

Vanquished Creatures (others)
  A queen bee (D:10)
  A sky beast (D:6)
  A warg zombie (D:9)
  3 yak zombies
  A queen bee zombie (D:10)
  A troll zombie (D:10)
  A wolf zombie (Lair:2)
  5 bullfrog zombies
  2 orc wizards
  11 killer bee zombies
  2 hell rat zombies (Lair:2)
  A steam dragon zombie (Lair:5)
  2 iguana zombies
  17 orc zombies
  An endoplasm (D:3)
  A goblin zombie (D:9)
  37 fungi
  51 plants
139 creatures vanquished.

Grand Total: 541 creatures vanquished

Notes
Turn   | Place    | Note
-------+----------+-------------------------------------------
     0 | D:1      | MisterFreud the Gnoll Wanderer began the quest for the Orb.
     0 | D:1      | MisterFreud set off with the following items: a +0
                  | quarterstaff, 4 throwing nets, a +0 leather armour, a wand
                  | of flame (4), a potion of brilliance.
     0 | D:1      | Reached XP level 1. HP: 17/17 MP: 1/1
   514 | D:1      | Reached XP level 2. HP: 23/23 MP: 2/2
   612 | D:1      | Found a faded altar of an unknown god.
  1202 | D:2      | Reached XP level 3. HP: 28/28 MP: 3/3
  1224 | D:2      | Identified the +1 robe "Powkach" {Regen+ Slay-4 Stlth+}
  1473 | D:2      | Reached skill level 1 in Invocations
  1782 | D:2      | Reached skill level 1 in Short Blades
  1782 | D:2      | Reached skill level 1 in Long Blades
  1782 | D:2      | Reached skill level 1 in Axes
  1782 | D:2      | Reached skill level 1 in Maces & Flails
  1782 | D:2      | Reached skill level 1 in Polearms
  1782 | D:2      | Reached skill level 1 in Ranged Weapons
  1782 | D:2      | Reached skill level 1 in Throwing
  1782 | D:2      | Reached skill level 1 in Shields
  1782 | D:2      | Reached skill level 1 in Unarmed Combat
  1782 | D:2      | Reached skill level 1 in Spellcasting
  2019 | D:2      | Noticed Robin
  2021 | D:2      | Reached XP level 4. HP: 34/34 MP: 5/5
  2372 | D:2      | Noticed an ogre
  2390 | D:2      | Killed an ogre
  2391 | D:2      | Reached skill level 1 in Conjurations
  2391 | D:2      | Reached skill level 1 in Hexes
  2391 | D:2      | Reached skill level 1 in Summonings
  2391 | D:2      | Reached skill level 1 in Necromancy
  2391 | D:2      | Reached skill level 1 in Translocations
  2391 | D:2      | Reached skill level 1 in Transmutations
  2391 | D:2      | Reached skill level 1 in Fire Magic
  2391 | D:2      | Reached skill level 1 in Ice Magic
  2391 | D:2      | Reached skill level 1 in Air Magic
  2391 | D:2      | Reached skill level 1 in Earth Magic
  2391 | D:2      | Reached skill level 1 in Poison Magic
  2391 | D:2      | Reached XP level 5. HP: 15/41 MP: 5/7
  2484 | D:2      | Killed Robin
  2732 | D:2      | Found a runed translucent door.
  2733 | D:2      | Noticed Crazy Yiuf
  2818 | D:2      | Killed Crazy Yiuf
  3011 | D:3      | Noticed Natasha
  3083 | D:3      | Killed Natasha
  3141 | D:3      | Noticed Natasha
  3150 | D:3      | Killed Natasha
  3151 | D:3      | Reached XP level 6. HP: 30/47 MP: 8/8
  3380 | D:3      | Noticed Jessica
  3394 | D:3      | Killed Jessica
  3395 | D:3      | Reached skill level 5 in Evocations
  3466 | D:3      | Found a shimmering altar of Xom.
  3469 | D:3      | Found an ornate altar of the Wu Jian Council.
  3476 | D:3      | Found a glowing silver altar of Zin.
  3479 | D:3      | Found a sparkling altar of Nemelex Xobeh.
  3481 | D:3      | Found a hide-covered altar of Uskayaw.
  3519 | D:3      | Found a stormy altar of Qazlal.
  3914 | D:3      | Noticed Sigmund
  3944 | D:3      | Killed Sigmund
  3945 | D:3      | Reached XP level 7. HP: 24/52 MP: 10/10
  4279 | D:3      | Found a bloodstained altar of Trog.
  4279 | D:3      | Noticed Natasha
  4285 | D:3      | Killed Natasha
  4478 | D:4      | Reached skill level 9 in Dodging
  4780 | D:4      | Found Agisynyn's Antique Weapon Emporium.
  4789 | D:4      | Reached XP level 8. HP: 52/60 MP: 12/12
  4920 | D:4      | Found a snail-covered altar of Cheibriados.
  4920 | D:4      | Found a blossoming altar of Fedhas.
  5407 | D:5      | Entered Level 5 of the Dungeon
  6651 | D:5      | Found an iron altar of Okawaru.
  6718 | D:6      | Found Maps's Antique Armour Boutique.
  6980 | D:6      | Bought an embroidered cloak for 217 gold pieces
  7039 | D:6      | Reached XP level 9. HP: 27/66 MP: 14/14
  7624 | D:6      | Noticed Menkaure
  7634 | D:6      | Killed Menkaure
  7635 | D:6      | Reached skill level 5 in Fighting
  7635 | D:6      | Reached skill level 5 in Staves
  7635 | D:6      | Reached skill level 5 in Armour
  7962 | D:6      | Reached skill level 5 in Stealth
  8049 | D:6      | Found a glowing golden altar of the Shining One.
  8120 | D:6      | Found a white marble altar of Elyvilon.
  8369 | D:6      | Reached skill level 5 in Invocations
  8662 | D:6      | Found a runed translucent gate.
  8662 | D:6      | Found a runed translucent gate.
  8662 | D:6      | Found a runed translucent gate.
  8711 | D:6      | Noticed dweek's ghost (novice TrFi)
  9360 | D:7      | Found a staircase to the Ecumenical Temple.
  9369 | Temple   | Entered the Ecumenical Temple
  9421 | Temple   | Became a worshipper of Yredelemnul the Dark
  9565 | D:7      | Reached * piety under Yredelemnul
  9788 | D:7      | HP: 2/68 [orc wizard/magic dart (6)]
 10143 | D:7      | Reached skill level 5 in Short Blades
 10143 | D:7      | Reached skill level 5 in Long Blades
 10143 | D:7      | Reached skill level 5 in Axes
 10143 | D:7      | Reached skill level 5 in Maces & Flails
 10143 | D:7      | Reached skill level 5 in Polearms
 10143 | D:7      | Reached skill level 5 in Ranged Weapons
 10143 | D:7      | Reached skill level 5 in Throwing
 10143 | D:7      | Reached skill level 5 in Shields
 10143 | D:7      | Reached skill level 5 in Unarmed Combat
 10143 | D:7      | Reached skill level 5 in Spellcasting
 10143 | D:7      | Reached XP level 10. HP: 76/76 MP: 17/17
 10404 | D:8      | Reached skill level 10 in Dodging
 10862 | D:8      | Found an ancient bone altar of Kikubaaqudgha.
 11086 | D:8      | Reached ** piety under Yredelemnul
 12133 | D:9      | Identified the +5 long sword "Hutaer" {venom, Int+3}
 12527 | D:9      | Noticed a five-headed hydra
 12767 | D:9      | Noticed a deep elf pyromancer
 12793 | D:9      | Killed a deep elf pyromancer
 12794 | D:9      | Reached skill level 5 in Conjurations
 12794 | D:9      | Reached skill level 5 in Hexes
 12794 | D:9      | Reached skill level 5 in Summonings
 12794 | D:9      | Reached skill level 5 in Necromancy
 12794 | D:9      | Reached skill level 5 in Translocations
 12794 | D:9      | Reached skill level 5 in Transmutations
 12794 | D:9      | Reached skill level 5 in Fire Magic
 12794 | D:9      | Reached skill level 5 in Ice Magic
 12794 | D:9      | Reached skill level 5 in Air Magic
 12794 | D:9      | Reached skill level 5 in Earth Magic
 12794 | D:9      | Reached skill level 5 in Poison Magic
 12826 | D:9      | Reached XP level 11. HP: 77/83 MP: 20/20
 13451 | D:10     | Entered Level 10 of the Dungeon
 14458 | D:10     | Found Boryefok's Armour Boutique.
 14832 | D:10     | HP: 4/84 [poisoned by a killer bee]
 15267 | D:10     | Noticed Erica
 15281 | D:10     | Killed Erica
 15765 | D:11     | Reached *** piety under Yredelemnul
 15882 | D:11     | Found a staircase to the Lair.
 15957 | D:11     | Found Taway's Magic Scroll Boutique.
 15963 | D:11     | Bought a scroll of brand weapon for 123 gold pieces
 15963 | D:11     | Bought a scroll of blinking for 97 gold pieces
 15963 | D:11     | Bought a scroll of teleportation for 39 gold pieces
 16236 | Lair:1   | Entered Level 1 of the Lair of Beasts
 16251 | Lair:1   | Reached skill level 11 in Dodging
 17244 | Lair:1   | Reached XP level 12. HP: 68/91 MP: 17/22
 17699 | Lair:1   | Reached **** piety under Yredelemnul
 17705 | Lair:1   | Reached ***** piety under Yredelemnul
 18539 | Lair:2   | Found a staircase to the Snake Pit.
 18883 | Lair:2   | Noticed a four-headed hydra
 18901 | Lair:2   | Killed a four-headed hydra
 19980 | Lair:3   | Noticed Gastronok
 19997 | Lair:3   | Killed Gastronok
 20402 | Lair:3   | Noticed a five-headed hydra
 20413 | Lair:3   | Killed a five-headed hydra
 20414 | Lair:3   | Reached XP level 13. HP: 63/99 MP: 15/25
 20446 | Lair:3   | Reached ****** piety under Yredelemnul
 20606 | Lair:3   | You fall into a shaft and drop 2 floors!
 20606 | Lair:5   | Entered Level 5 of the Lair of Beasts
 20645 | Lair:5   | HP: 3/99 [torpor snail (18)]
 20651 | Lair:5   | HP: 4/99 [torpor snail (21)]
 20667 | Lair:5   | HP: 5/148 [acid dragon (7)]
 20667 | Lair:5   | Killed from afar by an acid dragon

Illustrated notes

Levels and vault maps discovered:
D:1:      zaba_arrival_water, layout_loops_corners, basic_ecumenical_altar
D:2:      layout_basic, dreamdust_princess_bridge, fountainhead,
          minmay_rat_hole, uniq_crazy_yiuf_cottage, uniq_robin
D:3:      layout_loops_ring, trog_book, nicolae_overflow_hallway_of_the_gods,
          minmay_misc_feat_tower, minmay_three_crescents, uniq_sigmund,
          uniq_natasha, uniq_jessica
D:4:      layout_gridville, gammafunk_temple_overflow_pools, serial_shops, shop,
          minmay_snake_closets
D:5:      layout_basic, kennysheep_okawaru_gauntlet, minmay_tree_intersection
D:6:      layout_loops_corners, nicolae_tso_besieged_by_evil,
          mainiacjoe_overflow_six_doors_small, serial_shops,
          nicolae_diamond_shop, gammafunk_ghost_icy, hex_medium, uniq_menkaure
D:7:      layout_rooms, minmay_temple_entry_stoned_glass, minivault_24
D:8:      layout_cave_pods, mainiacjoe_overflow_concentric_impassable,
          minmay_circle_x
D:9:      layout_basic, erik_orc_4
D:10:     layout_loops_cross, serial_shops, nicolae_stop_n_shop_2, special_room
          [special_room_bee], uniq_erica
D:11:     layout_loops_cross, grunt_lair_entry_orc_guard_hut, serial_shops,
          kennysheep_little_box
Temple:   jpeg_temple_island
Lair:1:   layout_layer_cave, beast_lair_carwin_4
Lair:2:   layout_roguey, guppyfry_snake_entry_garden
Lair:3:   layout_gridlike, minmay_shoals_entry_hut, serial_bayou_pond_e,
          minmay_holes, serial_bayou_shore_b, uniq_fannar, uniq_gastronok
Lair:5:   guppyfry_lair_end_dragon, layout_gridlike,
          grunt_forest_large_clearing_hut

Skill      XL: |  1  2  3  4  5  6  7  8  9 10 11 12 13 |
---------------+----------------------------------------+-----
Invocations    | 1 2 3 4 5 6 7 8 9 |  9.0
Short Blades   | 1 2 3 5 6 7 8 |  8.2
Long Blades    | 1 2 3 5 6 7 8 |  8.2
Axes           | 1 2 3 5 6 7 8 |  8.2
Maces & Flails | 1 2 3 5 6 7 8 |  8.2
Polearms       | 1 2 3 5 6 7 8 |  8.2
Ranged Weapons | 1 2 3 5 6 7 8 |  8.2
Throwing       | 1 2 3 5 6 7 8 |  8.2
Shields        | 1 2 3 5 6 7 8 |  8.2
Unarmed Combat | 1 2 3 5 6 7 8 |  8.2
Spellcasting   | 1 2 3 5 6 7 8 |  8.2
Fighting       | 3 4 5 6 7 8 |  8.6
Staves         | 3 4 5 6 7 8 |  8.6
Armour         | 3 4 5 6 7 8 |  8.6
Conjurations   | 1 2 3 4 5 6 |  6.8
Hexes          | 1 2 3 4 5 6 |  6.8
Summonings     | 1 2 3 4 5 6 |  6.8
Necromancy     | 1 2 3 4 5 6 |  6.8
Translocations | 1 2 3 4 5 6 |  6.8
Transmutations | 1 2 3 4 5 6 |  6.8
Fire Magic     | 1 2 3 4 5 6 |  6.8
Ice Magic      | 1 2 3 4 5 6 |  6.8
Air Magic      | 1 2 3 4 5 6 |  6.8
Earth Magic    | 1 2 3 4 5 6 |  6.8
Poison Magic   | 1 2 3 4 5 6 |  6.8
Stealth        | 3 4 5 6 7 8 |  8.5
Evocations     | 5 6 7 8 9 |  9.4
Dodging        | 9 10 11 | 11.7

Action                   |  1- 3 |  4- 6 |  7- 9 | 10-12 | 13-15 || total
-------------------------+-------+-------+-------+-------+-------++-------
Melee: Quarterstaff      |   103 |   116 |   357 |   726 |    52 ||  1354
       Bite              |     9 |     9 |    37 |    96 |     7 ||   158
Throw: Throwing net      |       |     1 |       |       |       ||     1
       Boomerang         |       |       |     3 |       |       ||     3
Invok: Recall Undead Har |       |       |       |     3 |       ||     3
       Bind Soul         |       |       |       |     2 |       ||     2
Evoke: Wand              |       |     4 |       |     1 |       ||     5
  Use: Scroll            |       |     5 |     8 |    13 |     1 ||    27
       Potion            |       |       |     1 |     3 |     6 ||    10
 Stab: Sleeping          |     8 |       |     9 |    11 |     1 ||    29
       Distracted        |     1 |     2 |       |     8 |     1 ||    12
       Paralysed         |       |     1 |       |     2 |       ||     3
       Held in net/web   |       |     1 |       |       |       ||     1
       Confused          |       |       |     2 |     2 |       ||     4
       Petrifying        |       |       |     1 |       |       ||     1
       Petrified         |       |       |       |     3 |       ||     3
Armor: Leather armour    |    12 |    33 |   136 |   245 |    10 ||   436
       Skin              |       |       |       |       |    17 ||    17
Dodge: Dodged            |    62 |   102 |   273 |   664 |    54 ||  1155
